 Dungeon Crawl Stone Soup version 0.30.0-5-g1a98f26d00 (webtiles) character file.

Game seed: 3232208418717406555

32 SnakkuSnakku7 the Sneak (level 3, 0/27 HPs)
             Began as a Vampire Hedge Wizard on May 12, 2023.
             Slain by an adder (1 damage)
             ... on level 2 of the Dungeon.
             The game lasted 00:01:40 (973 turns).

SnakkuSnakku7 the Sneak (Vampire Hedge Wizard)       Turns: 973, Time: 00:01:40

Health: 0/27       AC:  3    Str:  9    XL:     3   Next: 10%
Magic:  7/7        EV: 12    Int: 16    God:
Gold:   89         SH:  0    Dex: 15    Spells: 7/8 levels left

rFire   . . .        k - +1 dagger (drain)
rCold   . . .        (no shield)
rNeg    . . .        b - +0 robe
rPois   .            c - +0 hat
rElec   .            (no cloak)
rCorr   .            (no gloves)
SInv    +            f - +0 pair of boots
Will    .....        (no amulet)
Stlth   ++           (no ring)
HPRegen 0.44/turn    (no ring)
MPRegen 0.10/turn

%: no passive effects
@: lethally poisoned (0 -> -3), attractive, healing quickly
A: alive, fangs 3, see invisible, vampiric 2, subdued magic 1
a: Exsanguinate


You were on level 2 of the Dungeon.
You visited 1 branch of the dungeon, and saw 2 of its levels.

You collected 89 gold pieces.

Inventory:

Hand Weapons
 a - a +0 dagger
 k - a +1 dagger of draining (weapon)
Missiles
 g - 5 boomerangs
Armour
 b - a +0 robe (worn)
 c - a +0 hat (worn)
 f - a +0 pair of boots (worn)
 m - a +0 buckler
Scrolls
 e - a scroll of fear {unknown}
 h - a scroll of immolation {unknown}
 l - a scroll of identify {unknown}
 n - a scroll of enchant armour {unknown}
Potions
 d - a potion of magic


   Skills:
 - Level 1.6 Fighting
 + Level 2.0 Short Blades
 - Level 2.1 Dodging
 - Level 3.0 Stealth
 + Level 0.0 Shields
 - Level 3.0 Spellcasting
 - Level 0.6 Conjurations
 - Level 1.0 Summonings
 - Level 0.7 Translocations


You had 7 spell levels left.
You knew the following spells:

 Your Spells              Type           Power      Damage    Failure   Level
a - Magic Dart            Conj           12%        1d3       12%         1

Your spell library contained the following spells:

 Spells                   Type           Power      Damage    Failure   Level
 Slow                     Hex            4%         N/A       16%         1
 Call Imp                 Summ           8%         N/A       16%         2
 Blink                    Tloc           6%         N/A       19%         2
 Cigotuvi's Dreadful Rot  Necr/Pois/Air  2%         N/A       24%         2
 Mephitic Cloud           Conj/Pois/Air  2%         N/A       41%         3


Dungeon Overview and Level Annotations

Branches:
Dungeon (2/15)

Altars:


Innate Abilities, Weirdness & Mutations

Your natural rate of healing is accelerated.
You have razor-sharp teeth.
You have supernaturally acute eyesight. (SInv)
You are afflicted with vampirism and can become a bat while bloodless.
Your spells are a little easier to cast, but a little less powerful.


Message History

n - a scroll labelled EDUTHI LIOTOVO The adder hisses angrily.
You hit the adder but do no damage. The adder bites you.
You are poisoned.
The adder poisons you!
You closely miss the adder.
You feel sick. The adder bites you.
You are more poisoned.
The adder poisons you! The adder bites you.
You miss the adder.
You feel sick. The adder misses you.
You miss the adder.
You feel sick. The adder bites you.
You are more poisoned.
The adder poisons you!
You miss the adder.
You feel very sick. The adder bites you.
You are lethally poisoned!
The adder poisons you!
You hit the adder.
The adder is lightly wounded.
* * * LOW HITPOINT WARNING * * *
You feel very sick. The adder barely misses you.
It was a potion of mutation.
You feel extremely strange.
Your connection to magic feels subdued.
* * * LOW HITPOINT WARNING * * *
You feel sick. The adder misses you. The adder closely misses you.
It was a potion of attraction.
You feel attractive to monsters.
* * * LOW HITPOINT WARNING * * *
You feel very sick. The adder completely misses you.
You hit the adder.
The adder is moderately wounded.
* * * LOW HITPOINT WARNING * * *
You feel sick. The adder bites you but does no damage.
You hit the adder.
The adder is heavily wounded.
* * * LOW HITPOINT WARNING * * *
You feel sick. The adder bites you.
You die...

#.#..
##.####...
#.#.########.#
#............#
###.##########
#.# #.# #.#
#.# #@# #S#
#.# #.# #.#
#.. ###


You could see an adder.

Vanquished Creatures
  A dart slug (D:1)
  2 endoplasms (D:1)
  2 giant cockroaches
  4 hobgoblins
  A quokka (D:1)
  4 ball pythons
  7 bats (D:1)
  2 goblins (D:1)
  4 kobolds
  A rat (D:1)
28 creatures vanquished.

Notes
Turn   | Place    | Note
-------+----------+-------------------------------------------
     0 | D:1      | SnakkuSnakku7 the Vampire Hedge Wizard began the quest for
                  | the Orb.
     0 | D:1      | Reached XP level 1. HP: 13/13 MP: 4/4
   213 | D:1      | Reached skill level 1 in Short Blades
   227 | D:1      | Reached skill level 1 in Fighting
   227 | D:1      | Reached XP level 2. HP: 15/21 MP: 6/6
   633 | D:1      | Identified the +1 leather armour "Xoirhaso" {Dex+3}
   892 | D:2      | Gained mutation: You are afflicted with vampirism and can
                  | become a bat while bloodless. [Vampire growth]
   892 | D:2      | Reached XP level 3. HP: 25/26 MP: 7/7
   970 | D:2      | Gained mutation: Your spells are a little easier to cast,
                  | but a little less powerful. [potion of mutation]
   973 | D:2      | HP: 1/27 [poisoned by an adder]
   973 | D:2      | Slain by an adder

Illustrated notes

Levels and vault maps discovered:
D:1:      matt_arrival_los_fun, layout_basic, chequers_decorated_corner,
          roderic_serpentine_path, kennysheep_small_spiral
D:2:      layout_loops_ring, basic_altar

Skill      XL: |  1  2 |
---------------+-------+-----
Short Blades   | 1 2 |  2.0
Fighting       | 1 |  1.6
Dodging        | |  2.1
Stealth        | |  3.0
Spellcasting   | |  3.0
Conjurations   | |  0.6
Summonings     | |  1.0
Translocations | |  0.7

Action                     || total
---------------------------++-------
  Melee: Dagger            ||   128
         Bite              ||     7
         Punch             ||     1
    Use: Potion            ||     2
   Stab: Sleeping          ||    10
 Armour: Robe              ||    31
  Dodge: Dodged            ||    98
